 Dungeon Crawl Stone Soup version 0.31.0 (webtiles) character file.

Game seed: 13028215108529461913

2115379 Aviak the Conqueror (level 25, 257/257 HPs)
             Began as a Minotaur Berserker on Jan 19, 2024.
             Was the Champion of Trog.
             Escaped with the Orb
             ... and 3 runes
             ... and 2 gems (1 intact)!
             The game lasted 01:43:52 (51542 turns).

Aviak the Conqueror (Minotaur Berserker)           Turns: 51542, Time: 01:43:52

Health: 257/257    AC: 46    Str: 44    XL:     25   Next: 43%
Magic:  19/19      EV: 13    Int:  8    God:    Trog [******]
Gold:   2955       SH: 15    Dex: 12    Spells: 24/24 levels left

rFire   . . .        o - +9 broad axe (spect)
rCold   + + .        C - +0 kite shield {reflect}
rNeg    + + +        E - +5 crystal plate armour {rC+}
rPois   +            (helmet restricted)
rElec   +            m - +2 cloak of Poor Excuses {Str+3 Int+4 Slay+4}
rCorr   .            d - +2 pair of gloves {infuse}
SInv    .            D - +0 pair of boots
Will    +....        O - amulet of Ujufraj {Acrobat rN+ Regen+ Str+3 Stlth+} Stlth
                     g - +6 ring of strength
HPRegen 1.42/turn    Q - ring of Xeumeih {^Drain rElec rPois rC+ rN++}
MPRegen 0.16/turn

%: reflection, acrobat, infuse magic (1 MP)
@: no status effects
A: horns 2, retaliatory headbutt, deterioration 2, low MP 1, subdued magic 1,
inability to read after injury 1
0: Orb of Zot
}: 3/15 runes: barnacled, silver, gossamer
a: Renounce Religion, Berserk, Trog's Hand, Brothers in Arms


You escaped.
You worshipped Trog.
Trog was exalted by your worship.
You visited 8 branches of the dungeon, and saw 44 of its levels.
You also visited: Sewer, Gauntlet and Ice Cave.

You collected 6638 gold pieces.
You spent 3683 gold pieces at shops.

Inventory:

Hand Weapons
 o - a +9 spectral broad axe (weapon)
 G - a +9 executioner's axe of freezing
Missiles
 T - 3 throwing nets (quivered) {!f}
Armour
 d - a +2 pair of gloves of infusion (worn)
 m - the +2 cloak of Poor Excuses (worn) {Str+3 Int+4 Slay+4}
   (You found it on level 3 of the Shoals)

   Str+3:     It affects your strength (+3).
   Int+4:     It affects your intelligence (+4).
   Slay+4:    It affects your accuracy & damage with ranged weapons and melee
   (+4).
 C - a +0 kite shield of reflection (worn)
 D - a +0 pair of boots (worn)
 E - a +5 crystal plate armour of cold resistance (worn)
Jewellery
 a - an amulet of regeneration
 g - a +6 ring of strength (left hand)
 k - a ring of resist corrosion
 u - the ring "Vyagediext" {^Contam rC+ Str+2 Int+9}
   (You found it in an ice cave)

   [ring of protection from cold]

   Str+2:     It affects your strength (+2).
   Int+9:     It affects your intelligence (+9).
   rC+:       It protects you from cold.
   ^Contam:   It causes magical contamination when unequipped.
 J - a ring of fire
 O - the amulet of Ujufraj (around neck) {Acrobat rN+ Regen+ Str+3 Stlth+}
   (You found it on level 4 of the Shoals)

   [amulet of the acrobat]

   Acrobat:   It increases your evasion while moving and waiting.
   Str+3:     It affects your strength (+3).
   rN+:       It protects you from negative energy.
   Regen+:    It increases your rate of health regeneration.
   Stlth+:    It makes you more stealthy.
 Q - the ring of Xeumeih (right hand) {^Drain rElec rPois rC+ rN++}
   (You took it off a minotaur in a Gauntlet)

   [ring of protection from cold]

   rC+:       It protects you from cold.
   rElec:     It insulates you from electricity.
   rPois:     It protects you from poison rN++: It greatly protects you from
   negative energy.
   ^Drain:    It drains your maximum health when unequipped.
 S - the ring of Prescription {rN+ Int+6}
   (You found it in a Gauntlet)

   [ring of intelligence]

   Int+6:     It affects your intelligence (+6).
   rN+:       It protects you from negative energy.
 Z - a ring of see invisible
Talismans
 e - a granite talisman
 X - a talisman of death
Wands
 j - a wand of flame (38)
 r - a wand of light (19)
 y - a wand of roots (47)
 z - a wand of mindburst (59)
 N - a wand of digging (13)
 V - a wand of polymorph (8)
 W - a wand of charming (33)
Scrolls
 n - 9 scrolls of immolation
 p - 4 scrolls of revelation
 s - 2 scrolls of summoning {!r}
 t - 19 scrolls of teleportation
 v - 3 scrolls of fog
 x - 2 scrolls of blinking
 B - a scroll of silence {!r}
 F - 4 scrolls of enchant armour
 L - 5 scrolls of brand weapon
 P - 5 scrolls of fear
Potions
 b - 14 potions of ambrosia
 c - 16 potions of curing
 f - 2 potions of haste
 h - 11 potions of heal wounds
 l - 3 potions of cancellation
 q - 10 potions of enlightenment
 A - 6 potions of attraction
 H - 9 potions of might
 K - 7 potions of mutation {!q}
 M - 3 potions of invisibility
 R - 3 potions of resistance
Miscellaneous
 i - a phial of floods
 w - a lightning rod (4/4)
 I - a phantom mirror
 U - a box of beasts
 Y - a condenser vane (inert)


   Skills:
 O Level 27 Fighting
 + Level 22.2 Axes
 O Level 27 Armour
 - Level 10.6 Dodging
 - Level 20.0 Shields
 + Level 22.3 Evocations


You had 24 spell levels left.
You didn't know any spells.
Your spell library was empty.

Dungeon Overview and Level Annotations

Branches:
Dungeon (15/15)            Temple (0/1) D:6            Lair (5/5) D:10
 Shoals (4/4) Lair:2       Spider (4/4) Lair:3        Slime (0/5) Lair:4
    Orc (2/2) D:12            Elf (0/3) Orc:2        Vaults (5/5) D:13
  Crypt (0/3) Vaults:3     Depths (4/4) D:15            Zot (5/5) Depths:4
  Sewer (visited)           IceCv (visited)         Gauntlet (visited)

Altars:
Cheibriados
Fedhas
Gozag
Kikubaaqudgha
Makhleb
Trog
Wu Jian
Xom
Yredelemnul
Jiyva

Shops:
D:7 [!*[   D:12 :   D:15 [   Orc:1 (   Orc:2 *!:?*   Vaults:1 *[*

Portals:
Hell: Depths:1 Depths:2 Depths:3 Depths:4
Abyss: Depths:1 Depths:3
Pandemonium: Depths:1

Annotations:
D:8 2 runed translucent doors
Shoals:4 3 transporters
Spider:3 1 runed translucent door, Vubreenic's ghost, adept CeHu
Depths:2 2 transporters, Xutext's ghost, adept DsAK
Zot:2 3 runed translucent doors, Heoriaro's ghost, legendary GnFi
Zot:3 2 transporters, Netemen's ghost, master GnFi


Innate Abilities, Weirdness & Mutations

You have a pair of horns on your head.
You reflexively headbutt those who attack you in melee.
Your body often deteriorates upon taking damage.
Your magical capacity is low. (-10% MP)
Your spells are a little easier to cast, but a little less powerful.
You occasionally lose the ability to read scrolls when taking damage.


Message History

Found 16 gold pieces.
The sun demon misses you. The balrug gestures at you. Something smites you!
There is a stone staircase leading up here.
You slice the sun demon!!
The sun demon is heavily wounded.
Your +9 spectral broad axe hits the sun demon but does no damage.
The sun demon hits you but does no damage.
You closely miss the sun demon.
The sun demon is heavily wounded.
Your +9 spectral broad axe barely misses the sun demon.
The balrug gestures at you. Something smites you!
You block the sun demon's attack.
You slice the sun demon!!
The sun demon is almost dead.
Your +9 spectral broad axe hits the sun demon!!!
You kill the sun demon!
Trog accepts your kill.
Your +9 spectral broad axe disappears.
The balrug gestures at you.
The bolt of fire hits you but does no damage.
You climb upwards.
There is a stone staircase leading down here.
Magic restored.
There is a stone staircase leading up here.
You climb upwards.
There is a stone staircase leading down here.
There is a stone staircase leading up here.
You climb upwards.
There is a stone staircase leading down here.
Found a stone staircase leading down.
Aiming: Dig
Press: ? - help, Shift-Dir - straight line A rock wall.
This square is covered in magical glow.
The rock shatters into small pieces.
Found 14 gold pieces.
There is a staircase leading out of the dungeon here.
You have escaped!

#.####...#........... #.#
#.#.......###### #.#
#...#).#.## #.#
########## #.## # #2.#
###### ## #..##
#.~#~.###### #.
#.#.##≈~~~~~~#P~P###.
#.#.@P##~~~..~##~.##.
......#......PP...~.P##.
$.....#..~...P.~........
......#P.~.....~....~~..
......#....P....~PP.~.P~
.......#..P....~....P....
......#...........P~....
#.......≈........#
#P.P.P...~.P~....#


You could see a tormentor.

Vanquished Creatures
  4 dread liches (Zot:5)
  3 ancient liches (Zot:5)
  Mara (Spider:4)
  4 orbs of fire (Zot:5)
  Xtahua (Vaults:4)
  3 Killer Klowns (Zot:5)
  2 curse toes
  10 caustic shrikes (Depths:4)
  Nikola (Spider:1)
  6 golden dragons
  Arachne (Spider:2)
  2 electric golems
  21 tentacled monstrosities
  Zenata (Vaults:2)
  Jorgrun (Spider:1)
  22 Orb Guardians
  4 titans
  5 quicksilver dragons
  3 liches
  Asterion (Spider:2)
  A walking earthen tome (Depths:2)
  5 sphinxes
  Frances (D:14)
  6 death cobs
  A kraken (Shoals:3)
  22 storm dragons
  Donald (Spider:4)
  Aizul (Spider:4)
  3 protean progenitors
  9 tengu reavers
  Roxanne (D:14)
  13 shadow dragons
  8 fire giants
  3 draconian monks
  5 draconian shifters
  5 draconian knights
  10 frost giants
  6 ghost moths
  6 emperor scorpions
  3 deep elf sorcerers (Vaults:5)
  6 draconian scorchers
  13 vault wardens
  20 ironbound preservers
  A draconian stormcaller (Depths:4)
  2 formless jellyfish
  21 very ugly things
  3 reapers (IceCv)
  7 draconian annihilators
  An orc warlord (Vaults:4)
  7 ironbound thunderhulks
  22 stone giants
  8 green draconians
  Nessos (D:15)
  A vampire knight (Depths:3)
  8 black draconians
  A deep elf demonologist (Vaults:5)
  7 purple draconians
  5 red draconians
  2 deep elf death magi
  16 white draconians
  5 war gargoyles
  18 dire elephants
  2 deep elf annihilators (Depths:3)
  13 yellow draconians
  A minotaur (Gauntlet)
  Azrael (Spider:2)
  Snorg (Lair:4)
  5 spark wasps
  16 ettins
  3 merfolk javelineers (Shoals:4)
  3 crystal guardians
  8 entropy weavers
  7 fire dragons
  9 merfolk impalers
  3 rakshasas
  12 ice dragons
  5 deep elf high priests
  7 great orbs of eyes
  16 yaktaur captains
  A hell beast (Depths:4)
  A caustic shrike simulacrum (IceCv)
  4 peacekeepers
  2 spriggan air magi
  41 vault guards
  2 hydras
  2 radroaches (Spider:3)
  4 catoblepae
  15 centaur warriors
  An anaconda (shapeshifter) (Vaults:5)
  A merfolk avatar (Shoals:4)
  4 ogre magi
  10 ironbound frosthearts
  2 merfolk aquamancers
  10 two-headed ogres
  An alligator snapping turtle (Shoals:4)
  11 boulder beetles
  A death knight (D:15)
  A jorogumo (Spider:4)
  7 tengu warriors
  3 satyrs (Shoals:4)
  A hell hog (Lair:5)
  3 death yaks (Lair:5)
  4 deep troll earth magi
  3 occultists
  A vampire mage (Depths:2)
  2 hell knights
  6 orc high priests (Orc:2)
  A shock serpent (shapeshifter) (Vaults:5)
  2 spriggan berserkers
  7 deep troll shamans
  Urug (Lair:3)
  Sonja (D:12)
  11 demonic crawlers
  A sun demon (D:4)
  6 skeletal warriors
  A fire crab (Lair:5)
  56 deep trolls
  3 iron trolls (Depths:2)
  5 pharaoh ants
  6 sea snakes
  7 skysharks
  9 glowing orange brains
  2 deep trolls (shapeshifter)
  3 sun moths
  11 orb spiders
  5 arcanists
  3 flayed ghosts
  A glowing orange brain (shapeshifter) (Vaults:5)
  A deep elf archer (Vaults:5)
  A bog body (IceCv)
  7 lindwurms
  A sun moth (shapeshifter) (Vaults:5)
  2 obsidian statues
  11 ironbound convokers
  2 orange crystal statues
  9 necromancers
  4 spriggan simulacra (IceCv)
  A lightning spire (Gauntlet)
  20 harpies
  6 steelbarb worms
  A harpy (shapeshifter) (Depths:3)
  A tengu zombie (Vaults:3)
  3 deep elf pyromancers
  An eye of devastation (shapeshifter) (Vaults:5)
  A deep elf zephyrmancer (Vaults:5)
  6 orc knights
  33 wolf spiders
  A faun (shapeshifter) (Depths:4)
  4 phantasmal warriors
  5 orc sorcerers (Orc:2)
  A tengu skeleton (Vaults:5)
  8 cyclopes
  50 ugly things
  A stone giant skeleton (Vaults:5)
  3 merfolk sirens
  11 manticores
  28 moths of wrath
  20 vault sentinels
  Maurice (D:10)
  A meliai (shapeshifter) (Vaults:5)
  6 meliai
  5 water nymphs
  9 elephants (Lair:5)
  2 black mambas
  5 gargoyles
  14 torpor snails
  An eye of devastation (Vaults:3)
  11 cane toads
  A kobold demonologist (D:11)
  2 efreet
  10 freezing wraiths
  An orange demon (D:11)
  5 komodo dragons
  2 rime drakes
  3 ice devils (IceCv)
  7 tengu conjurers
  29 yaktaurs
  Psyche (D:10)
  A golden dragon simulacrum (IceCv)
  6 anaconda simulacra
  A queen bee (D:15)
  21 merfolk
  12 hornets
  4 tyrant leeches (Lair:5)
  4 trolls
  A hellwing (Depths:4)
  A wind drake (Shoals:1)
  50 tarantellas
  20 blink frogs
  A dream sheep (shapeshifter) (Depths:3)
  A polar bear (shapeshifter) (D:13)
  An alligator simulacrum (Spider:1)
  4 dream sheep
  2 glass eyes
  8 snapping turtles
  A wolf spider simulacrum (D:15)
  8 raiju
  14 polar bears
  2 ettin zombies (Vaults:5)
  20 jumping spiders
  A spriggan skeleton (Depths:2)
  A slime creature (shapeshifter) (Vaults:5)
  39 slime creatures
  25 culicivoras
  2 dire elephant simulacra
  A frost giant simulacrum (Depths:2)
  4 wyverns
  3 shadows
  2 vampires
  6 water elementals
  2 wraiths
  34 yaks
  A hog (shapeshifter) (Vaults:5)
  2 fire elementals (Spider:2)
  64 redbacks
  6 basilisks
  A human simulacrum (Vaults:3)
  6 minotaur simulacra
  8 vampire mosquitoes
  An elf skeleton (Vaults:5)
  A redback (shapeshifter) (Vaults:5)
  13 wargs
  A steam dragon (D:6)
  A swamp worm (shapeshifter) (Vaults:5)
  2 acid dragons
  2 glowing shapeshifter zombies
  2 swamp worms (Gauntlet)
  14 water moccasins
  15 hell hounds
  A glowing shapeshifter skeleton (Vaults:3)
  3 ice beasts (D:6)
  A sky beast (D:7)
  28 orc warriors
  13 black bears
  14 boggarts
  23 wolves
  8 ogres
  14 centaurs
  5 kobold brigands
  2 phantoms (D:7)
  8 bullfrogs
  4 gnoll sergeants
  5 scorpions
  4 deep troll simulacra
  A lindwurm simulacrum (Spider:1)
  21 killer bees
  3 electric eels
  16 howler monkeys
  A jelly (D:6)
  3 bombardier beetles
  39 orc priests
  A gnoll bouda (D:8)
  6 hounds
  Terence (D:3)
  3 iguanas
  40 orc wizards
  Robin (D:3)
  10 adders
  21 gnolls
  3 shadow imps
  2 ufetubi (D:6)
  2 ribbon worms
  2 dart slugs
  77 orcs
  6 ball pythons
  7 endoplasms
  A giant cockroach (D:1)
  16 goblins
  13 hobgoblins
  2 jackals (D:2)
  19 kobolds
  5 quokkas
  6 bats
  6 frilled lizards
  6 rats
  2 aspiring fleshes (Zot:1)
  3 spectral weapons
  4 tentacles (Shoals:3)
2063 creatures vanquished.

Vanquished Creatures (collateral kills)
  2 Orb Guardians (Zot:5)
  A ghost moth (Spider:4)
  The ghost of p0werm0de the Protected, a journeyman MiFi of Cheibriados (Orc:2)
  Fannar (Lair:2)
  A vault guard (Vaults:5)
  A centaur warrior (D:13)
  A boulder beetle (Spider:4)
  A two-headed ogre (Orc:2)
  A skyshark (Lair:2)
  An orb spider (Spider:4)
  An orc knight (Orc:2)
  2 wolf spiders (Spider:4)
  A moth of wrath (Spider:4)
  3 elephants (Lair:2)
  A kobold demonologist (D:13)
  A komodo dragon (Lair:2)
  A polar bear (Lair:3)
  A slime creature (Vaults:4)
  5 yaks (Lair:2)
  A wyvern (Lair:2)
  A basilisk (Lair:2)
  A water moccasin (Lair:2)
  2 wolves (Lair:2)
32 creatures vanquished.

Vanquished Creatures (others)
  An Orb Guardian (Zot:5)
  A fire giant (Vaults:3)
  A yaktaur captain (Vaults:3)
  A wolf spider (Spider:4)
  A tarantella (Spider:4)
  A boggart (Vaults:2)
  An orc (Vaults:5)
  2 kobolds (D:6)
  69 spectral weapons
  4 tentacles (Shoals:3)
82 creatures vanquished.

Grand Total: 2177 creatures vanquished

Notes
Turn   | Place    | Note
-------+----------+-------------------------------------------
     0 | D:1      | Aviak the Minotaur Berserker began the quest for the Orb.
     0 | D:1      | Reached XP level 1. HP: 19/19 MP: 0/0
    49 | D:1      | Found a faded altar of an unknown god.
   112 | D:1      | Reached XP level 2. HP: 17/27 MP: 1/1
   516 | D:2      | Reached XP level 3. HP: 28/33 MP: 2/2
   770 | D:2      | Reached ** piety under Trog
  1400 | D:3      | Reached XP level 4. HP: 41/41 MP: 3/3
  1771 | D:3      | Noticed Terence
  1776 | D:3      | Killed Terence
  1801 | D:3      | Noticed Robin
  1805 | D:3      | Killed Robin
  1900 | D:3      | Reached XP level 5. HP: 44/47 MP: 4/4
  2347 | D:4      | Noticed a black bear
  2356 | D:4      | Killed a black bear
  2357 | D:4      | Reached skill level 5 in Fighting
  2357 | D:4      | Reached skill level 5 in Axes
  2595 | D:4      | Reached XP level 6. HP: 56/56 MP: 5/5
  2624 | D:4      | Reached *** piety under Trog
  2710 | D:4      | Reached skill level 5 in Armour
  2772 | D:4      | Found a glowing drain.
  2776 | Sewer    | Entered a sewer
  3118 | D:5      | Entered Level 5 of the Dungeon
  3207 | D:5      | Identified the +7 leather armour "Uwuoggal" {rCorr Int+3
                  | Slay+2 Stlth+}
  3215 | D:5      | Reached XP level 7. HP: 63/64 MP: 6/6
  3599 | D:5      | Reached **** piety under Trog
  3733 | D:6      | Reached XP level 8. HP: 73/73 MP: 7/7
  3998 | D:6      | Reached skill level 5 in Dodging
  4456 | D:6      | Reached XP level 9. HP: 75/82 MP: 8/8
  4799 | D:6      | Found a staircase to the Ecumenical Temple.
  5196 | D:7      | Found Quej's Armour Shoppe.
  5203 | D:7      | Bought a +2 pair of gloves of infusion for 279 gold pieces
  5411 | D:7      | Found Amoassoyr's General Store.
  5420 | D:7      | Bought a scroll of teleportation for 45 gold pieces
  5825 | D:7      | Found Vydgh's Distillery.
  5860 | D:7      | Bought a potion of might for 52 gold pieces
  5906 | D:7      | Found Seodwoig's Antique Armour Shop.
  6074 | D:7      | Reached ***** piety under Trog
  6326 | D:8      | Noticed a catoblepas
  6326 | D:8      | Found a large runed translucent door.
  6326 | D:8      | Found a large runed translucent door.
  6327 | D:8      | Noticed a meliai
  6369 | D:8      | Noticed a two-headed ogre
  6380 | D:8      | Killed a two-headed ogre
  6659 | D:8      | Found a large runed translucent door.
  6660 | D:8      | Found a large runed translucent door.
  6852 | D:8      | Reached XP level 10. HP: 86/92 MP: 6/9
  6856 | D:8      | Noticed a two-headed ogre
  6857 | D:8      | Noticed a two-headed ogre
  6860 | D:8      | Killed a two-headed ogre
  6861 | D:8      | Reached skill level 10 in Fighting
  6861 | D:8      | Reached skill level 10 in Axes
  6862 | D:8      | Killed a two-headed ogre
  7463 | D:8      | Found a blossoming altar of Fedhas.
  7748 | D:8      | Reached skill level 10 in Armour
  8059 | D:9      | Reached skill level 1 in Shields
  8619 | D:10     | Entered Level 10 of the Dungeon
  8666 | D:10     | Noticed Psyche
  8671 | D:10     | Killed Psyche
  8781 | D:10     | Found a staircase to the Lair.
  8789 | Lair:1   | Entered Level 1 of the Lair of Beasts
  8789 | Lair:1   | Noticed a cane toad
  8795 | Lair:1   | Killed a cane toad
  8796 | Lair:1   | Reached XP level 11. HP: 102/102 MP: 3/10
 10167 | Lair:2   | Received a gift from Trog
 10168 | Lair:2   | Reached skill level 5 in Shields
 10176 | Lair:2   | Identified the ring "Faffoann" {*Corrode Fly rF+ Dex+4}
 10222 | Lair:2   | Noticed a skyshark
 10227 | Lair:2   | Reached skill level 10 in Dodging
 10227 | Lair:2   | Killed a skyshark
 10408 | Lair:2   | Found a staircase to the Shoals.
 10633 | Lair:2   | Reached XP level 12. HP: 101/113 MP: 8/11
 10788 | Lair:2   | Noticed Fannar
 10797 | Lair:2   | Reached skill level 1 in Evocations
 10797 | Lair:2   | Killed Fannar
 10956 | Lair:3   | Noticed Urug
 11040 | Lair:3   | Killed Urug
 11516 | Lair:3   | Found a hole to the Spider Nest.
 11578 | Lair:3   | Noticed a five-headed hydra
 11590 | Lair:3   | Killed an eight-headed hydra
 12371 | Lair:4   | Noticed Snorg
 12468 | Lair:4   | Killed Snorg
 13535 | Lair:4   | Found a staircase to the Slime Pits.
 13535 | Lair:4   | Found a viscous altar of Jiyva.
 13731 | Lair:5   | Entered Level 5 of the Lair of Beasts
 13762 | Lair:5   | Found a gate leading to a gauntlet.
 13777 | Lair:5   | Reached skill level 5 in Evocations
 13777 | Lair:5   | Reached XP level 13. HP: 108/124 MP: 0/12
 13786 | Gauntlet | Entered a Gauntlet
 13786 | Gauntlet | Found a transporter.
 13786 | Gauntlet | Found a transporter.
 13786 | Gauntlet | Found a transporter.
 13872 | Gauntlet | Found a transporter.
 13874 | Gauntlet | Found a transporter.
 13876 | Gauntlet | Found a transporter.
 13883 | Gauntlet | Found a transporter.
 13884 | Gauntlet | Found a transporter.
 13885 | Gauntlet | Found a transporter.
 13887 | Gauntlet | Found a transporter.
 13898 | Gauntlet | Found a transporter.
 13898 | Gauntlet | Found a transporter.
 14465 | Gauntlet | Identified the +6 trident "Werroigh" {speed, rF+ Str+2}
 14465 | Gauntlet | Identified the ring of Xeumeih {^Drain rElec rPois rC+
                  | rN++}
 14465 | Gauntlet | Noticed a minotaur
 14476 | Gauntlet | Killed a minotaur
 14484 | Gauntlet | Identified the ring of Prescription {rN+ Int+6}
 14493 | Gauntlet | Identified the +0 robe of a sewer {Will+ Str+6}
 14909 | Lair:5   | Reached skill level 15 in Fighting
 14909 | Lair:5   | Reached skill level 15 in Axes
 15230 | Lair:5   | Reached skill level 10 in Shields
 15421 | Lair:5   | Reached XP level 14. HP: 135/135 MP: 0/13
 16742 | D:10     | Noticed Maurice
 16749 | D:10     | Maurice stole an amulet of faith {!P}
 16752 | D:10     | Killed Maurice
 16943 | D:10     | Found an ornate altar of the Wu Jian Council.
 17193 | D:10     | Found a burning altar of Makhleb.
 18541 | D:12     | Found a staircase to the Orcish Mines.
 18656 | D:12     | Found Hosk's Book Shop.
 18667 | D:12     | Bought a manual of Shields for 1120 gold pieces
 18751 | D:12     | Noticed Sonja
 18764 | D:12     | Killed Sonja
 19028 | D:12     | Found a snail-covered altar of Cheibriados.
 19226 | Orc:1    | Entered Level 1 of the Orcish Mines
 19227 | Orc:1    | Found Jaebb's Antique Weapon Emporium.
 19569 | Orc:2    | Entered Level 2 of the Orcish Mines
 19576 | Orc:2    | Received a gift from Trog
 20469 | Orc:2    | Found a runed translucent gate.
 20543 | Orc:2    | Received a gift from Trog
 20729 | Orc:2    | Found Xomifuo's Distillery.
 20729 | Orc:2    | Found Tuodoryur's Assorted Antiques.
 20729 | Orc:2    | Found Umips's Magic Scroll Shoppe.
 20732 | Orc:2    | Found Egholeoh's Book Emporium.
 20781 | Orc:2    | Reached XP level 15. HP: 146/146 MP: 8/14
 20921 | Orc:2    | Bought a viscous brown potion for 27 gold pieces
 20922 | Orc:2    | Bought a scroll of enchant weapon for 90 gold pieces
 20925 | Orc:2    | Bought a potion of curing for 33 gold pieces
 20925 | Orc:2    | Bought a potion of haste for 110 gold pieces
 20925 | Orc:2    | Bought a potion of curing for 33 gold pieces
 20925 | Orc:2    | Bought a potion of curing for 33 gold pieces
 21057 | Orc:2    | Found a staircase to the Elven Halls.
 21268 | Orc:2    | Found a runed translucent gate.
 21268 | Orc:2    | Found a runed translucent gate.
 21268 | Orc:2    | Noticed p0werm0de's ghost (journeyman MiFi)
 21269 | Orc:2    | Found an opulent altar of Gozag.
 21273 | Orc:2    | Found Afoqa's Assorted Antiques.
 21281 | Orc:2    | Killed p0werm0de's ghost
 21294 | Orc:2    | Bought a shimmering tower shield for 218 gold pieces
 21294 | Orc:2    | Identified the +1 tower shield "Vuejupi" {Harm *Corrode
                  | rC++ Stlth+} (You bought it in a shop on level 2 of the
                  | Orcish Mines)
 21731 | D:7      | Bought a pitted chain mail for 218 gold pieces
 21731 | D:7      | Identified the +3 chain mail "Enyaloc" {Int+2 Dex+3} (You
                  | bought it in a shop on level 7 of the Dungeon)
 21978 | D:13     | Identified the +4 long sword "Ohaila" {flame, Fly Will+
                  | Int+6}
 22389 | D:13     | Found a gate to the Vaults.
 23033 | D:14     | Noticed Frances
 23042 | D:14     | Killed Frances
 23180 | D:14     | Received a gift from Trog
 23184 | D:14     | Reached skill level 15 in Shields
 23410 | D:14     | Noticed Roxanne
 23420 | D:14     | Killed Roxanne
 24087 | Spider:1 | Entered Level 1 of the Spider Nest
 24259 | Spider:1 | Noticed an emperor scorpion
 24266 | Spider:1 | Killed an emperor scorpion
 24269 | Spider:1 | Reached XP level 16. HP: 157/157 MP: 0/15
 24270 | Spider:1 | Found a glacial archway.
 24294 | IceCv    | Entered an ice cave
 24499 | IceCv    | Reached ****** piety under Trog
 24584 | IceCv    | Received a gift from Trog
 24691 | IceCv    | Identified the ring of Miracles {Ice ^Contam Int+5 Dex+2}
 24708 | IceCv    | Identified the ring "Vyagediext" {^Contam rC+ Str+2 Int+9}
 25760 | Spider:4 | Entered Level 4 of the Spider Nest
 25766 | Spider:4 | Noticed Donald
 25778 | Spider:4 | Killed Donald
 26075 | Spider:4 | Received a gift from Trog
 26083 | Spider:4 | Noticed Mara
 26248 | Spider:4 | Got a milky-white gem with 806 turns to spare
 26250 | Spider:4 | Got a gossamer rune of Zot
 26343 | Spider:4 | Reached XP level 17. HP: 167/170 MP: 13/16
 26505 | Spider:4 | Reached skill level 15 in Armour
 26652 | Spider:4 | Killed Mara
 26680 | Spider:4 | Identified the serpent talisman "Holouw" {rCorr Int+4}
 26680 | Spider:4 | Noticed Aizul
 26709 | Spider:4 | Killed Aizul
 27041 | Spider:3 | Lost the milky-white gem through the power of Zot.
 27619 | Spider:3 | Found a runed translucent door.
 27621 | Spider:3 | Found a shimmering altar of Xom.
 27621 | Spider:3 | Noticed Vubreenic's ghost (adept CeHu)
 27987 | Spider:2 | Noticed Azrael
 27989 | Spider:2 | Received a gift from Trog
 27993 | Spider:2 | Killed Azrael
 28089 | Spider:2 | Noticed Asterion
 28095 | Spider:2 | Killed Asterion
 28624 | Spider:2 | Noticed Arachne
 28636 | Spider:2 | Killed Arachne
 29211 | Spider:1 | Noticed Jorgrun
 29278 | Spider:1 | Noticed Nikola
 29288 | Spider:1 | Killed Nikola
 29585 | Spider:1 | Killed Jorgrun
 29676 | Spider:1 | Identified the +3 war axe "Fyreehaf" {spect, rElec rPois}
 29871 | Shoals:1 | Entered Level 1 of the Shoals
 29906 | Shoals:3 | Noticed a kraken
 29912 | Shoals:3 | Reached XP level 18. HP: 159/182 MP: 9/17
 29958 | Shoals:3 | Found a transporter.
 29975 | Shoals:3 | Found a transporter.
 29977 | Shoals:3 | Received a gift from Trog
 30027 | Shoals:4 | Entered Level 4 of the Shoals
 30027 | Shoals:4 | Found a transporter.
 30027 | Shoals:4 | Found a transporter.
 30051 | Shoals:4 | Reached skill level 10 in Evocations
 30058 | Shoals:4 | Identified the +7 trident "Fapae" {chaos, *Noise Fly rCorr
                  | Stlth+}
 30266 | Shoals:4 | Identified the amulet of Ujufraj {Acrobat rN+ Regen+ Str+3
                  | Stlth+}
 30411 | Shoals:4 | Found a transporter.
 30411 | Shoals:4 | Found a transporter.
 30436 | Shoals:4 | Found a transporter.
 30551 | Shoals:4 | Found a transporter.
 30702 | Shoals:4 | Got a barnacled rune of Zot
 30704 | Shoals:4 | Got an azure gem with 942 turns to spare
 30776 | Shoals:3 | Received a gift from Trog
 30792 | Shoals:3 | Identified the ring "Baumipae" {^Contam rF+ Will+ Int+6}
 30795 | Shoals:3 | Identified the +2 cloak of Poor Excuses {Str+3 Int+4
                  | Slay+4}
 30810 | Shoals:3 | Identified the staff of Aguocwid {rF- rC+ Str+5 Stlth+ Ice}
 31257 | Shoals:1 | Identified the +5 short sword "Bidu" {flame, rCorr Int+3
                  | Dex-4}
 31530 | D:15     | Entered Level 15 of the Dungeon
 31546 | D:15     | Found a staircase to the Depths.
 32449 | D:15     | Found Ekibbom's Antique Armour Shop.
 32551 | D:15     | Noticed Nessos
 32561 | D:15     | Killed Nessos
 32688 | Vaults:1 | Entered Level 1 of the Vaults
 32924 | Vaults:1 | Received a gift from Trog
 33025 | Vaults:1 | Found Omydaishi's General Store.
 33035 | Vaults:1 | Bought a box of beasts for 600 gold pieces
 33035 | Vaults:1 | Bought a scroll of acquirement for 780 gold pieces
 33035 | Vaults:1 | Bought a scroll of teleportation for 45 gold pieces
 33035 | Vaults:1 | Acquired the ring of Imannig {rPois rN+}
 33063 | Vaults:1 | Found Atiut's Armour Emporium.
 33088 | Vaults:1 | Reached XP level 19. HP: 147/193 MP: 9/18
 33617 | Vaults:1 | Found Bomungusm's Assorted Antiques.
 33621 | Vaults:1 | Received a gift from Trog
 34622 | Vaults:2 | Received a gift from Trog
 34989 | Vaults:2 | Noticed Zenata
 34999 | Vaults:2 | Killed Zenata
 35115 | Vaults:2 | Received a gift from Trog
 35558 | Vaults:2 | Identified the +0 scale mail "Owoag" {Int+6}
 35713 | Vaults:2 | Reached XP level 20. HP: 180/206 MP: 12/19
 35880 | Vaults:2 | You fall into a shaft and drop 2 floors!
 35914 | Vaults:4 | Noticed Xtahua
 35918 | Vaults:4 | Paralysed by Xtahua for 5 turns
 35928 | Vaults:4 | Killed Xtahua
 36488 | Vaults:4 | Received a gift from Trog
 36945 | Vaults:3 | Found a staircase to the Crypt.
 36945 | Vaults:3 | Found an ancient bone altar of Kikubaaqudgha.
 36946 | Vaults:3 | Found a basalt altar of Yredelemnul.
 37776 | Vaults:3 | Received a gift from Trog
 37844 | Vaults:3 | Noticed a golden dragon
 37850 | Vaults:3 | Killed a golden dragon
 37948 | Vaults:3 | Identified the ring of Bietao {rPois Str+6 Stlth+}
 37962 | Vaults:3 | Reached skill level 15 in Evocations
 37962 | Vaults:3 | Reached XP level 21. HP: 207/217 MP: 0/20
 38381 | Vaults:3 | Received a gift from Trog
 38963 | Vaults:5 | Entered Level 5 of the Vaults
 39758 | Vaults:5 | Identified the +6 mace "Killer Bee's Peril" {heavy, rElec
                  | rN+ Str+2}
 40185 | Vaults:5 | Noticed a golden dragon
 40190 | Vaults:5 | Killed a golden dragon
 40344 | Vaults:5 | Received a gift from Trog
 40490 | Vaults:5 | Reached XP level 22. HP: 186/231 MP: 17/21
 40627 | Vaults:5 | Got a silver rune of Zot
 41197 | Depths:1 | Entered Level 1 of the Depths
 41269 | Depths:1 | Paralysed by a sphinx for 2 turns
 41464 | Depths:1 | Found a one-way gate leading to the halls of Pandemonium.
 41468 | Depths:1 | Found a gateway to Hell.
 41481 | Depths:1 | Identified the +10 hand axe of Dismay {flame, Fly Int-5
                  | Stlth+} (Trog gifted it to you on level 1 of the Depths)
 41481 | Depths:1 | Received a gift from Trog
 41585 | Depths:1 | Found a one-way gate to the infinite horrors of the Abyss.
 41604 | Depths:1 | You fall into a shaft and drop 1 floor!
 42091 | Depths:2 | Reached skill level 27 in Fighting
 42435 | Depths:2 | Found a transporter.
 42442 | Depths:2 | Found a bloodstained altar of Trog.
 42442 | Depths:2 | Noticed Xutext's ghost (adept DsAK)
 42451 | Depths:2 | Found a transporter.
 42735 | Depths:3 | Received a gift from Trog
 43407 | Depths:3 | Reached XP level 23. HP: 99/240 MP: 0/22
 44061 | Depths:3 | Identified the +4 quarterstaff "Xatha" {venom, *Rage rElec
                  | rC+}
 44065 | Depths:3 | Received a gift from Trog
 44163 | Depths:4 | Entered Level 4 of the Depths
 44232 | Depths:4 | Noticed a caustic shrike
 44232 | Depths:4 | Noticed a caustic shrike
 44232 | Depths:4 | Noticed a caustic shrike
 44232 | Depths:4 | Noticed a caustic shrike
 44233 | Depths:4 | Noticed a caustic shrike
 44236 | Depths:4 | Killed a caustic shrike
 44240 | Depths:4 | Killed a caustic shrike
 44242 | Depths:4 | Killed a caustic shrike
 44242 | Depths:4 | Killed a caustic shrike
 44244 | Depths:4 | Killed a caustic shrike
 45376 | Depths:4 | Noticed a caustic shrike
 45376 | Depths:4 | Noticed a caustic shrike
 45376 | Depths:4 | Noticed a caustic shrike
 45376 | Depths:4 | Noticed a caustic shrike
 45376 | Depths:4 | Noticed a caustic shrike
 45380 | Depths:4 | Killed a caustic shrike
 45383 | Depths:4 | Killed a caustic shrike
 45385 | Depths:4 | Killed a caustic shrike
 45385 | Depths:4 | Killed a caustic shrike
 45385 | Depths:4 | Killed a caustic shrike
 45533 | Depths:4 | Found a gate to the Realm of Zot.
 45545 | Zot:1    | Entered Level 1 of the Realm of Zot
 46346 | Zot:1    | Received a gift from Trog
 47259 | Zot:2    | Noticed Heoriaro's ghost (legendary GnFi)
 47784 | Zot:2    | Found a runed translucent gate.
 47785 | Zot:2    | Found a runed translucent gate.
 47785 | Zot:2    | Found a runed translucent gate.
 47825 | Zot:3    | Reached XP level 24. HP: 249/249 MP: 20/22
 47845 | Zot:3    | Reached skill level 27 in Armour
 48084 | Zot:3    | Found a transporter.
 48091 | Zot:3    | Noticed a Killer Klown
 48092 | Zot:3    | Noticed a dread lich
 48093 | Zot:3    | Noticed Netemen's ghost (master GnFi)
 48475 | Zot:3    | Received a gift from Trog
 48655 | Zot:3    | Found a transporter.
 49243 | Zot:4    | Identified the +3 ring mail "Todidiw" {Harm Int+3 Slay-5}
 49877 | Zot:5    | Entered Level 5 of the Realm of Zot
 50231 | Zot:5    | Received a gift from Trog
 50274 | Zot:5    | Noticed a dread lich
 50276 | Zot:5    | Noticed a dread lich
 50280 | Zot:5    | Noticed a Killer Klown
 50281 | Zot:5    | Noticed an orb of fire
 50283 | Zot:5    | Noticed an orb of fire
 50283 | Zot:5    | Noticed an orb of fire
 50287 | Zot:5    | Noticed an orb of fire
 50289 | Zot:5    | Noticed a Killer Klown
 50292 | Zot:5    | Noticed an ancient lich
 50293 | Zot:5    | Noticed an ancient lich
 50295 | Zot:5    | Noticed a Killer Klown
 50297 | Zot:5    | Killed a dread lich
 50297 | Zot:5    | Gained mutation: Your spells are a little easier to cast,
                  | but a little less powerful. [an orb of fire]
 50300 | Zot:5    | Gained mutation: Your magical capacity is low. (-10% MP)
                  | [an orb of fire]
 50302 | Zot:5    | Noticed a dread lich
 50305 | Zot:5    | Gained mutation: Your body sometimes deteriorates upon
                  | taking damage. [an orb of fire]
 50308 | Zot:5    | Gained mutation: Your body often deteriorates upon taking
                  | damage. [an orb of fire]
 50309 | Zot:5    | Noticed a dread lich
 50311 | Zot:5    | Killed an orb of fire
 50318 | Zot:5    | Noticed an ancient lich
 50319 | Zot:5    | Killed an orb of fire
 50323 | Zot:5    | Killed a dread lich
 50327 | Zot:5    | Killed an orb of fire
 50329 | Zot:5    | Killed an ancient lich
 50335 | Zot:5    | Killed a dread lich
 50338 | Zot:5    | Killed an ancient lich
 50339 | Zot:5    | Reached XP level 25. HP: 83/257 MP: 0/19
 50339 | Zot:5    | Gained mutation: You occasionally lose the ability to read
                  | scrolls when taking damage. [an orb of fire]
 50346 | Zot:5    | Killed a Killer Klown
 50349 | Zot:5    | Killed an orb of fire
 50510 | Zot:5    | Killed a dread lich
 50515 | Zot:5    | Killed an ancient lich
 50520 | Zot:5    | Killed a Killer Klown
 50531 | Zot:5    | Killed a Killer Klown
 50944 | Zot:5    | Got the Orb of Zot
 51023 | Zot:2    | Noticed Kiffozel the pandemonium lord
 51542 | D:$      | Escaped with the Orb!

Illustrated notes

Levels and vault maps discovered:
D:1:      lemuel_arrival_muddy, layout_rooms,
          shapermc_ecumenical_altar_starsandcircs,
          nicolae_houndstooth_variations
D:2:      minmay_razor_zed, layout_loops_ring
D:3:      layout_loops_corners, uniq_terence, uniq_robin
D:4:      layout_gridville, mainiacjoe_sewer_entry_somewhere_in_here_2
D:5:      layout_cave_pools
D:6:      layout_layer_cave, lemuel_temple_firewalk_b,
          chequers_serial_rivers_micro_d, minmay_a_box_with_orc_wizards_in_it
D:7:      layout_loops_corners, serial_shops, nicolae_shop_just_a_little_nook,
          nicolae_shop_peninsula, nicolae_shop_statue_plus, shop,
          minmay_chambers_of_fives
D:8:      layout_layer_cave, mainiacjoe_overflow_brackets,
          minmay_hollow_rounded_squares
D:9:      layout_cave_pools
D:10:     layout_irregular_city, pdpol_wu_jian_five_deadly_venoms,
          makhleb_altar_promises_db, dpeg_oklobed_lair,
          nicolae_kite_square_tiling_tiny, minmay_fractal_squares_gapless_5,
          uniq_psyche, uniq_maurice
D:11:     cheibrodos_statue_roulette, layout_gridville
D:12:     wander_river, layout_cave_pools, orc_0_dummy, serial_shops,
          nicolae_shop_statue_plus, slow_altar_2, uniq_sonja
D:13:     kennysheep_bubbly, layout_basic, david_vaults_2
D:14:     layout_loops_ring, corexii_corridor_pit, uniq_frances, uniq_roxanne
D:15:     grunt_enter_depths_giant_problem, layout_gridville, special_room
          [special_room_bee], serial_shops, shop, uniq_nessos
Lair:1:   layout_small_grid, infiniplex_staircase_pool_2, grunt_megastairs_4
Lair:2:   layout_big_grid, minmay_shoals_entry_centaurs, grunt_megastairs_2,
          serial_bayou_shore_b, infiniplex_staircase_pool, uniq_fannar
Lair:3:   layout_layer_cave, spider_nest_entry_webs, serial_bayou_shore_a,
          uniq_urug
Lair:4:   layout_cave_pods, slime_entry_1, guppyfry_lair_drakes, uniq_snorg
Lair:5:   wormcave, layout_hall_layers, hangedman_lair_caniforms_friends,
          gauntlet_entry_generic
Shoals:1: layout_shoals, kb_tengu_band
Shoals:2: layout_shoals, uniq_ilsuiw, uniq_louise
Shoals:3: gammafunk_sealed_arena, layout_shoals, serial_shops,
          nicolae_shop_gaudy_bauble, nicolae_shoals_lost_giant_pillars,
          nicolae_shoals_stone_sculpture_thing
Shoals:4: shoals_end_simple, layout_shoals, serial_nicolae_subway,
          nicolae_sub_station_crystal, nicolae_sub_station_stone,
          nicolae_sub_station_metal
Spider:1: nicolae_spider_mines_1, portal_ice_cave_entry_ice_simulacra,
          nicolae_spider_webbed_stairs, hangedman_spider_tarantella_strand,
          uniq_jorgrun, uniq_nikola
Spider:2: layout_chambers, uniq_azrael, uniq_asterion, uniq_arachne
Spider:3: layout_cave_pods, ebering_ghost_xom
Spider:4: spider_rune_water, nicolae_arachne_temple, uniq_aizul, uniq_mara,
          uniq_donald
Orc:1:    layout_caves, serial_shops, shop
Orc:2:    st_orc_mages, layout_caves, ebering_ghost_gozag, nooodl_orcs_dogs
Vaults:1: hangedman_vaults_slice, nicolae_vaults_closet_pinwheel_5,
          hangedman_vaults_slither, hangedman_vaults_restitches,
          nicolae_vaults_security_offices_3, nicolae_vaults_tetromino_L_1,
          ontoclasm_vaults_ring_small, v_misc_4, vaults_dpeg_encased_lava,
          hangedman_vaults_trim, v_misc_22, nicolae_vaults_house_3, v_misc_22,
          layout_vaults_maze_snakey, serial_shops, shop, shop,
          nicolae_shop_window_shopping
Vaults:2: nicolae_vaults_surprise_closet_hard, nicolae_vaults_mini_display_case,
          nicolae_vaults_trapezoid_lopsided_3, v_rooms_6,
          vaults_standard_mumra_x, nicolae_vaults_shelves_hall, v_alt_pattern_3,
          nicolae_vaults_rhombus_7, v_misc_12, v_misc_4,
          layout_vaults_quadrants, uniq_zenata
Vaults:3: minmay_crypt_entry_necro_gods, st_greater_box_2,
          vaults_room_large_hall, v_misc_30, v_misc_9,
          nicolae_vaults_trapezoid_lopsided_3, nicolae_vaults_six-pack,
          nicolae_vaults_little_squares_1, v_misc_10,
          nicolae_vaults_closet_pinwheel_3, nicolae_vaults_tetromino_T_1,
          vaults_room_pool, vaults_dpeg_diagonal,
          nicolae_vaults_variable_pillar_hall, layout_vaults_omnicross
Vaults:4: st_cross, nicolae_vaults_cornered_office, ontoclasm_vaults_ring_small,
          vaults_room_door_hall, v_pattern_4, hangedman_vaults_impose,
          hangedman_vaults_trim, nicolae_vaults_double_plus_3,
          vaults_room_semicircle, nicolae_vaults_offset_grid_hallway_1,
          layout_vaults_omnibox, uniq_xtahua
Vaults:5: serial_shops
Depths:1: layout_cave_pools, minmay_misc_feat_ornament, abyss_entry_crystal,
          pan_entry, hell_entry, minmay_serpent_palace
Depths:2: wad_statue_garden, layout_cave_shapes, enter_ziggurat_e,
          rand_demon_pan_entry_7, hell_entry, gammafunk_ghost_wrathful_warriors,
          hangedman_decor_riveting, minmay_metal_thing
Depths:3: hangedman_pleasuredromes, abyss_entry, hell_entry
Depths:4: grunt_zot_entry_gee_three, layout_honeycomb, hell_entry,
          dk_noncrumbling_4, serial_bayou_shore_b
Zot:1:    layout_concentric_octagons
Zot:2:    layout_gridlike, regret_index_zot_stipple_split,
          gammafunk_ghost_necromancy
Zot:3:    layout_cathedral_of_symmetry, gammafunk_ghost_abyssal_escape
Zot:4:    layout_basic, st_stairs_1, grunt_megastairs_5
Zot:5:    layout_twisted_circle

Skill      XL: |  1  2  3  4  5  6  7  8  9 10 11 12 13 14 15 16 17 18 19 20 21 22 23 24 25 |
---------------+----------------------------------------------------------------------------+-----
Fighting       | 4 5 6 7 8 9 11 12 14 15 16 18 20 21 22 23 25 26 27 | 27.0
Axes           | 4 5 6 7 8 9 11 12 14 15 16 18 21 22 | 22.2
Armour         | 3 4 5 6 7 9 10 12 14 16 18 20 21 23 24 26 27 | 27.0
Dodging        | 3 4 5 7 8 10 | 10.6
Shields        | 3 5 7 10 12 15 17 20 | 20.0
Evocations     | 5 7 8 9 11 13 15 16 18 19 21 22 | 22.3

Action                     |  1- 3 |  4- 6 |  7- 9 | 10-12 | 13-15 | 16-18 | 19-21 | 22-24 | 25-27 || total
---------------------------+-------+-------+-------+-------+-------+-------+-------+-------+-------++-------
  Melee: Hand axe          |    93 |       |       |       |       |       |       |       |       ||    93
         Headbutt          |    12 |    18 |    24 |    54 |   134 |   182 |   198 |   257 |    27 ||   906
         Broad axe         |       |   137 |   166 |   255 |   704 |   724 |   618 |   742 |    94 ||  3440
         Punch             |       |     1 |     4 |     1 |       |       |       |       |       ||     6
         Executioner's axe |       |       |       |    28 |       |       |       |       |       ||    28
 Invoke: Berserk           |     1 |     2 |     2 |     9 |     7 |     5 |     2 |     4 |       ||    32
         Brothers in Arms  |       |       |       |     5 |     3 |     4 |     2 |       |       ||    14
         Trog's Hand       |       |       |       |     1 |     2 |     4 |     5 |     2 |       ||    14
  Evoke: Wand              |       |       |       |     2 |     3 |    19 |     5 |     4 |     8 ||    41
         Condenser vane    |       |       |       |       |     1 |     4 |     2 |     5 |     1 ||    13
         Lightning rod     |       |       |       |       |       |       |     4 |     6 |       ||    10
         Phial of floods   |       |       |       |       |       |       |       |     2 |       ||     2
         Box of beasts     |       |       |       |       |       |       |       |     1 |       ||     1
         Phantom mirror    |       |       |       |       |       |       |       |     1 |       ||     1
    Use: Scroll            |       |     1 |     1 |     7 |    21 |    16 |     6 |     1 |     1 ||    54
         Potion            |       |       |       |     4 |     1 |     6 |       |     7 |     5 ||    23
   Stab: Sleeping          |       |       |     3 |     1 |     4 |       |       |       |       ||     8
         Distracted        |       |       |       |     1 |     8 |     5 |     6 |    17 |     1 ||    38
         Invisible         |       |       |       |       |       |     1 |     1 |       |       ||     2
 Armour: Animal skin       |     3 |       |       |       |       |       |       |       |       ||     3
         Chain mail        |    54 |   117 |       |       |    87 |    28 |       |       |       ||   286
         Leather armour    |       |       |   113 |   281 |   299 |       |       |       |       ||   693
         Crystal plate arm |       |       |       |       |       |   421 |   366 |   490 |    74 ||  1351
  Dodge: Dodged            |    50 |    63 |   110 |   246 |   266 |   240 |   224 |   295 |    43 ||  1537
  Block: Kite shield       |       |       |       |   122 |   359 |   433 |   307 |   340 |    64 ||  1625
         Reflection        |       |       |       |       |       |    22 |    51 |    13 |       ||    86
